 Dungeon Crawl Stone Soup version 0.25.1-2-g60ff931df9 (webtiles) character file.

Game seed: 1742603103358805275

310 Peloso the Covered (level 6, -8/52 HPs)
             Began as a Minotaur Fighter on Aug 31, 2020.
             Mangled by an orc warrior
             ... wielding a +0 halberd
              (12 damage)
             ... on level 4 of the Dungeon.
             The game lasted 00:04:36 (3835 turns).

Peloso the Covered (Minotaur Fighter)               Turns: 3835, Time: 00:04:37

Health: -8/52      AC: 10    Str: 21    XL:     6   Next: 17%
Magic:  14/14      EV:  6    Int:  5    God:
Gold:   176        SH: 10    Dex: 11    Spells: 5/5 levels left

rFire    . . .     SeeInvis .   a - +0 long sword
rCold    . . .     Gourm    .   c - +0 kite shield
rNeg     . . .     Faith    .   p - +0 chain mail
rPois    .         Spirit   .   (helmet restricted)
rElec    .         Reflect  .   (no cloak)
rCorr    .         Harm     .   (no gloves)
MR       .....                  (no boots)
Stlth    ..........             (no amulet)
HPRegen  0.17/turn              l - ring of magical power
MPRegen  0.14/turn              (no ring)

@: no status effects
A: retaliatory headbutt, horns 2
a: no special abilities


You were on level 4 of the Dungeon.
You were not hungry.

You visited 1 branch of the dungeon, and saw 4 of its levels.

You collected 176 gold pieces.

Inventory:

Hand Weapons
 a - a +0 long sword (weapon)
 b - a +1 short sword of speed
Armour
 c - a +0 kite shield (worn)
 j - a +0 scale mail
 p - a +0 chain mail (worn)
Jewellery
 l - a ring of magical power (left hand)
Scrolls
 e - 2 scrolls of enchant weapon {unknown}
 g - a scroll of amnesia {unknown}
 h - 4 scrolls of teleportation {unknown}
 k - 3 scrolls of magic mapping {unknown}
 n - a scroll of fear {unknown}
 q - a scroll of remove curse {unknown}
 r - a scroll of immolation {unknown}
 s - a scroll of blinking {unknown}
 t - a scroll of fog {unknown}
 u - a scroll of enchant armour {unknown}
 v - 2 scrolls of identify {unknown}
Potions
 d - a potion of might
 i - a potion of degeneration {unknown}
 m - 3 potions of curing
 o - a potion of magic
 w - a potion of flight {unknown}
Comestibles
 f - 4 rations


   Skills:
 + Level 4.2 Fighting
 + Level 4.4 Long Blades
 + Level 5.7 Armour
 + Level 1.5 Dodging
 + Level 0.1 Stealth
 + Level 5.2 Shields


You had 5 spell levels left.
You didn't know any spells.
Your spell library was empty.

Dungeon Overview and Level Annotations

Branches:
Dungeon (4/15)
 Temple: D:4-7

Altars:
Elyvilon
Wu Jian


Innate Abilities, Weirdness & Mutations

You reflexively headbutt those who attack you in melee.
You have a pair of horns on your head.


Message History

You hear a shout!
The orc priest invokes the aid of Beogh against you.
Beogh smites you!
The orc moves out of view.
An orc comes into view.
The orc shouts!
You block the orc warrior's attack. You block the orc's attack.
The orc priest mumbles some strange prayers to Beogh against you.
Beogh smites you!
You see here an orc skeleton.
There is a stone staircase leading up, spattered with blood here.
The orc priest looks satisfied for a moment.
The orc warrior closely misses you.
Your chain mail prevents you from hitting the orc.
Your headbutt misses the orc. The orc hits you but does no damage.
The orc warrior hits you from afar with a +0 halberd!
* * * LOW HITPOINT WARNING * * *
You block the orc's attack. The orc hits you but does no damage.
The orc warrior hits you from afar with a +0 halberd!
You die...

# ......#..###.##
......#.......#
.............#
#.####...#.....###
#......o...........
######..#####.#############
.............o.............#
.######...###o..#.#.######.#
#......oo@..#.#.# #.#
#.#.<.#o#...#.#.######.#
#.#...#.#...#.#.#......# #
#.#...#.....#.#.######
#.#...#..####.#.######## ##
#.............#.........
#....####.#..###############
#............##..........
#.....####.#.##.#########


You could see an orc warrior, an orc priest and 3 orcs.

Vanquished Creatures
  An orc priest (D:3)
  4 orc wizards
  Terence (D:2)
  8 adders
  A worm (D:2)
  A dart slug (D:2)
  2 leopard geckos (D:3)
  7 orcs
  5 giant cockroaches
  8 goblins
  4 hobgoblins
  2 jackals (D:2)
  5 bats
  4 frilled lizards
  9 kobolds
  4 rats
66 creatures vanquished.

Notes
Turn   | Place    | Note
-------+----------+-------------------------------------------
     0 | D:1      | Peloso the Minotaur Fighter began the quest for the Orb.
     0 | D:1      | Reached XP level 1. HP: 19/19 MP: 0/0
   777 | D:1      | Reached XP level 2. HP: 27/27 MP: 1/1
  1072 | D:2      | Reached XP level 3. HP: 33/33 MP: 2/2
  1478 | D:2      | Found a white marble altar of Elyvilon.
  1718 | D:2      | Noticed Terence
  1726 | D:2      | Killed Terence
  1726 | D:2      | Reached XP level 4. HP: 40/40 MP: 3/3
  1847 | D:2      | Found an ornate altar of the Wu Jian Council.
  2050 | D:2      | Reached skill level 1 in Dodging
  2495 | D:3      | Reached XP level 5. HP: 41/46 MP: 4/4
  2510 | D:3      | Reached skill level 5 in Shields
  2517 | D:3      | Reached skill level 5 in Armour
  3497 | D:3      | Reached XP level 6. HP: 8/52 MP: 5/5
  3822 | D:4      | Noticed an orc warrior
  3835 | D:4      | Mangled by an orc warrior

Illustrated notes

Levels and vault maps discovered:
D:1:      minmay_arrival_five_plusses, layout_basic
D:2:      layout_loops_corners, lemuel_doored_altar, overflow_temple_1_default,
          first_ration, uniq_terence
D:3:      layout_basic
D:4:      layout_basic, kennysheep_mini_moat, minmay_temple_entry_hall,
          uniq_robin

Skill      XL: |  1  2  3  4  5 |
---------------+----------------+-----
Armour         | 4 5 |  5.7
Fighting       | 4 |  4.2
Shields        | 4 5 |  5.2
Long Blades    | 3 4 |  4.4
Dodging        | 1 |  1.5
Stealth        | |  0.1

Action                   |  1- 3 |  4- 6 || total
-------------------------+-------+-------++-------
Melee: Long sword        |    87 |   131 ||   218
       Headbutt          |    12 |    20 ||    32
  Use: Potion            |     1 |     3 ||     4
  Eat: Chunk             |     3 |     4 ||     7
       Ration            |       |     1 ||     1
Armor: Scale mail        |    36 |    24 ||    60
       Chain mail        |       |    35 ||    35
Dodge: Dodged            |    27 |    32 ||    59
Block: Kite shield       |    50 |    63 ||   113
       Rpst.: Long sword |     7 |     6 ||    13
